 Dungeon Crawl Stone Soup version 0.20.1-1-g8b1a95d (webtiles) character file.

600 Irenicus the Chopper (level 7, -2/62 HPs)
             Began as a Deep Dwarf Fighter on Oct 14, 2017.
             Killed from afar by Dowan (16 damage)
             ... with a shard of ice
             ... on level 4 of the Dungeon.
             The game lasted 00:07:58 (2246 turns).

Irenicus the Chopper (Deep Dwarf Fighter)           Turns: 2246, Time: 00:07:58

Health: -2/62      AC: 15    Str: 19    XL:     7   Next: 18%
Magic:  6/6        EV:  5    Int:  9    God:
Gold:   72         SH:  5    Dex: 14    Spells: 6/6 levels left

rFire    . . .     SeeInvis .   a - +0 war axe
rCold    . . .     Gourm    .   q - +0 buckler
rNeg     . . .     Faith    .   g - +0 plate armour
rPois    .         Spirit   .   n - +0 helmet
rElec    .         Reflect  .   (no cloak)
rCorr    .         Harm     +   s - +0 pair of gloves
MR       +....                  l - +0 pair of boots
Stlth    ..........             y - amulet of harm
Regen    0.0/turn               (no ring)
MPRegen  0.1/turn               (no ring)

@: lethally poisoned (-2 -> -2), non-regenerating
A: damage resistance, heal wounds, sense surroundings 1, no regeneration
a: Heal Wounds


You were on level 4 of the Dungeon.
You were not hungry.

You visited 1 branch of the dungeon, and saw 4 of its levels.

You collected 72 gold pieces.

Inventory:

Hand Weapons
 a - a +0 war axe (weapon)
Armour
 c - a +0 shield
 g - a +0 plate armour (worn)
 l - a +0 pair of boots (worn)
 n - a +0 helmet (worn)
 q - a +0 buckler (worn)
 s - a +0 pair of gloves (worn)
Jewellery
 y - an amulet of harm (around neck)
Scrolls
 i - a scroll of fog {unknown}
 j - 3 scrolls of teleportation {unknown}
 k - a scroll of blinking {unknown}
 m - a scroll of fear {unknown}
 p - 2 scrolls of remove curse {unknown}
 t - a scroll of recharging {unknown}
 x - a scroll of identify {unknown}
 z - a scroll of amnesia {unknown}
Potions
 d - a potion of might
 e - a potion of degeneration
Comestibles
 b - 2 fruits
 f - 4 bread rations
 h - a royal jelly
 o - 3 meat rations


   Skills:
 - Level 3.0 Fighting
 + Level 6.9 Axes
 + Level 4.7 Armour
 + Level 5.0 Shields


You had 6 spell levels left.
You didn't know any spells.

Dungeon Overview and Level Annotations

Branches:
Dungeon (4/15)
 Temple: D:4-7

Altars:
Elyvilon
Nemelex Xobeh

Annotations:
D:4 Dowan


Innate Abilities, Weirdness & Mutations

You are resistant to damage.
You can heal yourself by infusing magical energy.
You passively map a small area around you.
You do not regenerate.


Message History

Dowan casts a spell at you. The stone arrow hits you!
You closely miss Dowan.
Dowan is almost dead.
You feel sick.
Dowan mumbles some strange words.
Dowan blinks!
You feel sick.
Dowan mumbles some strange words.
Dowan blinks!
Things that are here:
a short sword; a ring mail You feel sick.
Dowan mumbles some strange words.
Dowan blinks!
You feel sick.
You see here a giant cockroach corpse.
Dowan gestures at you while chanting. The shard of ice hits you!
You die...

#.#... * *, #.#..# *
# #.#..# .# , #.#<.#
# , , #....# ,# # ,
#...####.# #
#...)....# # *
########(.###### #
.......@†.# *
########.## ######
.##. #.# #.....
...., #######e#
#.#### .###,
,........# #.# .###.
........##########.#
..... *
.#####.............#
.####
############### ,


You could see Dowan.

Vanquished Creatures
  Sigmund (D:4)
  Duvessa (D:4)
  An orc priest (D:4)
  A hound (D:4)
  An iguana (D:4)
  2 worker ants
  Robin (D:4)
  8 adders
  A gnoll (D:4)
  2 oozes
  A worm (D:3)
  3 dart slugs (D:2)
  4 leopard geckos
  8 orcs
  9 bats
  4 giant cockroaches
  15 goblins
  6 hobgoblins
  A quokka (D:4)
  A ball python (D:1)
  5 frilled lizards
  6 kobolds
  8 rats
90 creatures vanquished.

Notes
Turn   | Place    | Note
-------+----------+-------------------------------------------
     0 | D:1      | Irenicus the Deep Dwarf Fighter began the quest for the Orb.
     0 | D:1      | Reached XP level 1. HP: 20/20 MP: 1/1
   237 | D:1      | Reached XP level 2. HP: 25/27 MP: 2/2
   679 | D:2      | Reached XP level 3. HP: 31/33 MP: 3/3
   762 | D:2      | Found a white marble altar of Elyvilon.
   793 | D:2      | Reached skill level 3 in Axes
   851 | D:2      | Found a sparkling altar of Nemelex Xobeh.
  1159 | D:2      | Reached XP level 4. HP: 30/40 MP: 4/4
  1492 | D:3      | Reached skill level 4 in Axes
  1641 | D:3      | Reached XP level 5. HP: 36/49 MP: 5/5
  1864 | D:4      | Noticed Sigmund
  1926 | D:4      | Killed Sigmund
  1926 | D:4      | Reached skill level 5 in Axes
  1926 | D:4      | Reached XP level 6. HP: 16/56 MP: 5/5
  1952 | D:4      | Noticed Robin
  1954 | D:4      | Reached skill level 6 in Axes
  1973 | D:4      | Killed Robin
  2112 | D:4      | HP: 2/56 [hound (2)]
  2205 | D:4      | Noticed Dowan
  2206 | D:4      | Noticed Duvessa
  2232 | D:4      | Killed Duvessa
  2232 | D:4      | Reached skill level 5 in Shields
  2232 | D:4      | Reached XP level 7. HP: 14/62 MP: 6/6
  2246 | D:4      | Killed from afar by Dowan

Skill      XL: |  1  2  3  4  5  6 |
---------------+-------------------+-----
Shields        | 4 5 |  5.0
Axes           | 3 4 5 6 |  6.9
Fighting       | 3 |  3.0
Armour         | 4 |  4.7

Action                   |  1- 3 |  4- 6 |  7- 9 || total
-------------------------+-------+-------+-------++-------
Melee: War axe           |   141 |   251 |     7 ||   399
 Abil: Heal Wounds       |       |     2 |     1 ||     3
  Use: Potion            |       |     6 |       ||     6
  Eat: Chunk             |     1 |     4 |       ||     5
Armor: Plate armour      |   104 |   171 |     5 ||   280
       Scale mail        |     1 |       |       ||     1
Dodge: Dodged            |    21 |    58 |     1 ||    80
Block: Shield            |    92 |     9 |       ||   101
       Buckler           |       |    53 |     3 ||    56
